 Dungeon Crawl Stone Soup version 0.14-a0-1522-g6c286a4 (webtiles) character file.

1473 4tharraofdagon the Firebug (level 8, -1/52 HPs)
             Began as a Demonspawn Fire Elementalist on Dec 17, 2013.
             Was a Follower of Sif Muna.
             Slain by a centaur (10 damage)
             ... on Level 7 of the Dungeon.
             The game lasted 00:13:42 (2032 turns).

4tharraofdagon the Firebug (DsFE)                   Turns: 2032, Time: 00:13:42

HP  -1/52        AC 10     Str  8      XL: 8   Next: 28%
MP   8/20        EV 11     Int 19      God: Sif Muna [*.....]
Gold 197         SH  0     Dex 17      Spells:  4 memorised,  4 levels left

rFire  + . .     SeeInvis .     o - +1,+3 orc dagger
rCold  + . .     Clarity  .     E - +2 robe {rC+ rF+}
rNeg   . . .     Conserve .     (no shield)
rPois  .         rCorr    .     (no helmet)
rElec  .         rRot     .     (no cloak)
SustAb . .       Spirit   .     n - +2 pair of dwarf gloves
rMut   .         Warding  .     (no boots)
Saprov . . .     Stasis   .     (no amulet)
                                (no ring)
                                I - cursed +3 ring of dexterity

@: slightly resistant to hostile enchantments, fairly stealthy
A: hooves 2, molten scales 2, demonic guardian 2
a: Channel Energy, Renounce Religion


You were on level 7 of the Dungeon.
You worshipped Sif Muna.
Sif Muna was aware of your devotion.
You were very hungry.

You visited 1 branch of the dungeon, and saw 7 of its levels.

You collected 197 gold pieces.

Inventory:

Hand weapons
 d - a -1,+0 orcish dagger
 h - a +0,+0 dagger
 o - a +1,+3 orcish dagger (weapon)
 r - a +0,+0 falchion
 F - a +2,+4 dagger
 J - a +2,+3 great mace of freezing
Missiles
 u - 17 darts of frost (quivered)
Armour
 a - a +0 robe
 n - a +2 pair of dwarven gloves (worn)
 A - a +0 robe
 B - a +1 pair of dwarven gloves
 E - a +2 robe of resistance (worn)
Magical devices
 g - a wand of confusion (14)
 C - a wand of draining (4)
 K - a wand of paralysis (14)
 M - a wand of confusion (17)
Comestibles
 c - 3 bread rations
 l - 2 meat rations
 O - a lychee
Scrolls
 e - 3 scrolls of amnesia {unknown}
 f - 3 scrolls of remove curse
 i - a scroll of noise {unknown}
 k - 2 scrolls of enchant weapon I {unknown}
 m - a scroll of curse jewellery {unknown}
 p - a scroll of recharging {unknown}
 s - a scroll of curse armour {unknown}
 t - 3 scrolls of teleportation {unknown}
 w - 7 scrolls of identify {unknown}
 x - a scroll of fear {unknown}
 y - 3 scrolls of enchant weapon II {unknown}
 H - a scroll of magic mapping {unknown}
 L - a scroll of random uselessness {unknown}
Jewellery
 I - a cursed +3 ring of dexterity (left hand)
Potions
 j - a potion of agility
 q - 3 potions of curing {unknown}
 v - a potion of poison {unknown}
 z - a potion of might {unknown}
 D - 2 potions of magic {unknown}
 N - a potion of heal wounds {unknown}
Books
 b - a book of Flames

   Spells                             Type                      Level
   *Flame Tongue                      Conjuration/Fire             1
   Throw Flame                        Conjuration/Fire             2
   *Conjure Flame                     Conjuration/Fire             3
   Inner Flame                        Hexes/Fire                   3
   *Sticky Flame                      Conjuration/Fire             4
   *Fireball                          Conjuration/Fire             5
 G - Vamibaje's Guide on Shifting Translocation
   (You found it on level 6 of the Dungeon)

   Spells                             Type                      Level
   Beastly Appendage                  Transmutation                1
   Teleport Other                     Translocation                3
   Control Teleport                   Charms/Translocation         4
   Alistair's Intoxication            Transmutation/Poison         4
   Dispersal                          Translocation                6


   Skills:
 - Level 1.7 Dodging
 - Level 1.7 Stealth
 + Level 5.0 Spellcasting
 + Level 7.0 Conjurations
 + Level 7.3 Fire Magic
 * Level 0.6 Invocations


You had 4 spell levels left.
You knew the following spells:

 Your Spells              Type           Power        Failure   Level  Hunger
a - Flame Tongue          Conj/Fire      ####.        1%          1    None
b - Conjure Flame         Conj/Fire      ####....     1%          3    ###....
c - Sticky Flame          Conj/Fire      ####....     10%         4    ####...
d - Fireball              Conj/Fire      ####......   21%         5    #####..


Dungeon Overview and Level Annotations

Branches:
Dungeon (7/16)
 Temple: D:4-7

Altars:
Nemelex Xobeh
Sif Muna

Annotations:
D:4 Dowan, Duvessa


Innate Abilities, Weirdness & Mutations

You have hoof-like feet.
You are mostly covered in molten scales (AC +3, EV -1).
A demonic guardian rushes to your aid.


Message History

Confirm with . or Enter, or press ? or * to list all spells.
Aiming: Flame Tongue
Press: ? - help, Shift-Dir - straight line, f/p - centaur
Aim: a centaur (heavily wounded, berserk, covered in liquid flames)
The flame hits the centaur.
The centaur is severely wounded.
The centaur burns!
The centaur hits you!
* * * LOW HITPOINT WARNING * * *
The centaur hits you.
* * * LOW HITPOINT WARNING * * *
Your soul eater closely misses the centaur.
Casting: Flame Tongue
Confirm with . or Enter, or press ? or * to list all spells.
Aiming: Flame Tongue
Press: ? - help, Shift-Dir - straight line, f/p - centaur
Aim: a centaur (almost dead, berserk, covered in liquid flames)
The flame hits the centaur.
The centaur is almost dead.
The centaur burns!
The centaur hits you!
You die...

#........# #.........#
#......#.###>#####...###
#............###.......#
#......#.######........#
.......#.# #........#
####.###.# #.##....## #.#
#.# # #3 #....# ###
########c###.#.#######
...........@.ยง..........
.#########...(.#########
.#.......#.##(..# c#
#####.#. #...# .# .#.#.
#..(# . #?#.#. ....... .
.#.........# #
#.........# #.##...####


You could see a centaur (berserk) and a friendly soul eater.

Vanquished Creatures
  Pikel (D:7)
  The ghost of Pr0man the Ruinous, an experienced DEFE of Vehumet (D:5)
  A giant frog (D:6)
  5 wights (D:6)
  A crimson imp (D:6)
  A goliath beetle (D:7)
  2 hounds
  2 scorpions (D:6)
  An orc priest (D:5)
  A sky beast zombie (D:5)
  Ijyb (D:6)
  2 adders (D:4)
  A giant mite (D:6)
  A gnoll (D:6)
  An inept item mimic (D:2)
  A worm (D:4)
  A giant gecko (D:4)
  An ooze (D:4)
  12 orcs
  5 giant cockroaches
  10 goblins
  A hobgoblin (D:4)
  A jackal (D:1)
  3 quokkas
  4 bats
  4 giant newts
  2 hobgoblin skeletons (D:4)
  A kobold (D:2)
  7 rats
  A rat skeleton (D:6)
  A fungus (D:7)
77 creatures vanquished.

Vanquished Creatures (collateral kills)
  2 orcs (D:6)
  A goblin (D:6)
3 creatures vanquished.

Vanquished Creatures (others)
  A crimson imp (D:6)
  3 ufetubi
4 creatures vanquished.

Grand Total: 84 creatures vanquished

Notes
Turn   | Place    | Note
--------------------------------------------------------------
     0 | D:1      | 4tharraofdagon, the Demonspawn Fire Elementalist, began the quest for the Orb.
     0 | D:1      | Reached XP level 1. HP: 13/13 MP: 3/3
    33 | D:1      | Daniel: lol
    33 | D:1      | Reached skill level 3 in Spellcasting
    33 | D:1      | Reached skill level 4 in Conjurations
    33 | D:1      | Reached skill level 5 in Fire Magic
    33 | D:1      | Gained mutation: You are partially covered in molten scales (AC +1). [demonic ancestry]
    33 | D:1      | Reached XP level 2. HP: 19/19 MP: 4/6
   405 | D:2      | Gained mutation: You have large cloven feet. [demonic ancestry]
   405 | D:2      | Reached XP level 3. HP: 3/24 MP: 1/8
   410 | D:2      | Learned a level 3 spell: Conjure Flame
   589 | D:3      | Found a sparkling altar of Nemelex Xobeh.
   784 | D:4      | Gained mutation: You have hoof-like feet. [demonic ancestry]
   784 | D:4      | Reached XP level 4. HP: 21/30 MP: 0/10
   869 | D:4      | Learned a level 4 spell: Sticky Flame
   937 | D:5      | Entered Level 5 of the Dungeon
  1035 | D:5      | Noticed Pr0man's ghost (experienced DEFE)
  1045 | D:5      | Killed Pr0man's ghost
  1045 | D:5      | Reached skill level 5 in Conjurations
  1045 | D:5      | Gained mutation: You are mostly covered in molten scales (AC +3, EV -1). [demonic ancestry]
  1045 | D:5      | Reached XP level 5. HP: 10/35 MP: 2/13
  1045 | D:5      | Gained mutation: A weak demonic guardian rushes to your aid. [demonic ancestry]
  1045 | D:5      | Reached XP level 6. HP: 11/41 MP: 2/15
  1068 | D:5      | Learned a level 5 spell: Fireball
  1205 | D:4      | Noticed Duvessa
  1205 | D:4      | Noticed Dowan
  1439 | D:6      | Reached skill level 6 in Fire Magic
  1473 | D:6      | Noticed Ijyb
  1479 | D:6      | Killed Ijyb
  1496 | D:6      | Identified Vamibaje's Guide on Shifting Translocation (You found it on level 6 of the Dungeon)
  1589 | D:6      | Reached XP level 7. HP: 44/46 MP: 7/17
  1712 | D:6      | Found a deep blue altar of Sif Muna.
  1719 | D:6      | Became a worshipper of Sif Muna the Loreminder
  1732 | D:6      | Daniel: oh hey, that was a good level
  1825 | D:7      | Noticed Pikel
  1835 | D:7      | Killed Pikel
  1835 | D:7      | Acquired Sif Muna's first power
  1835 | D:7      | Reached skill level 5 in Spellcasting
  1835 | D:7      | Reached skill level 7 in Fire Magic
  1835 | D:7      | Gained mutation: A demonic guardian rushes to your aid. [demonic ancestry]
  1835 | D:7      | Reached XP level 8. HP: 50/52 MP: 6/20
  2032 | D:7      | Slain by a centaur

Action                   |  1- 3 |  4- 6 |  7- 9 || total
-------------------------+-------+-------+-------++-------
Melee: Dagger            |    44 |    47 |    29 ||   120
 Cast: Flame Tongue      |    46 |    29 |     7 ||    82
       Conjure Flame     |     2 |     4 |     2 ||     8
       Sticky Flame      |       |     5 |    10 ||    15
Evoke: Wand              |       |     3 |     2 ||     5
  Use: Potion            |     3 |       |       ||     3
       Scroll            |     1 |     1 |       ||     2
